 Dungeon Crawl Stone Soup version 0.29-a0-322-g68df515428 (webtiles) character file.

Game seed: 8706152529937961289

11458 Ajdolov the Convoker (level 11, -5/36 HPs)
             Began as a Felid Summoner on Apr 9, 2022.
             Was an Elder of Hepliaklqana.
             Slain by an ice devil (14 damage)
             ... in a Gauntlet.
             The game lasted 00:58:36 (19210 turns).

Ajdolov the Convoker (Felid Summoner)              Turns: 19210, Time: 00:58:36

Health: -5/36      AC:  2    Str:  4    XL:     11   Next: 49%
Magic:  4/20       EV: 24    Int: 26    God:    Hepliaklqana [****..]
Gold:   365        SH:  0    Dex: 18    Spells: 1/21 levels left
                                        Lives:  0   Deaths: 2

rFire   . . .      SeeInvis +   (weapon unavailable)
rCold   + . .      Faith    .   (shield unavailable)
rNeg    . . .      Spirit   .   (body armour unavailable)
rPois   .          Reflect  .   (helmet unavailable)
rElec   .          Harm     .   (cloak unavailable)
rCorr   .          Rampage  .   (gloves unavailable)
Will    +....      NoTele   +   (boots unavailable)
Stlth   +++++.....              (no amulet)
HPRegen 0.12/turn               u - +6 ring of intelligence
MPRegen 0.17/turn               e - ring of protection from cold

@: hasted, very quick
A: reduced essence, very small, claws 1, fangs 3, see invisible, speed 1, shaggy
fur 2, stealthy paws, no weapons or thrown items, no armour, multi-lived
a: Renounce Religion, Recall Ancestor, Ancestor Identity, Transference, Idealise


You were in a Gauntlet.
You worshipped Hepliaklqana.
Hepliaklqana was greatly pleased with you.
You visited 2 branches of the dungeon, and saw 13 of its levels.
You also visited: Bailey and Gauntlet.

You collected 897 gold pieces.
You spent 532 gold pieces at shops.

Inventory:

Jewellery
 e - a ring of protection from cold (right paw)
 m - a ring of flight
 q - a +4 ring of evasion
 u - a +6 ring of intelligence (left paw)
 B - a ring of ice
Wands
 o - a wand of polymorph (4)
 r - a wand of flame (18)
 y - a wand of iceblast (4)
Scrolls
 b - 2 scrolls of amnesia
 c - a scroll of enchant weapon {unknown}
 d - 4 scrolls of fog
 i - 3 scrolls of teleportation
 k - a scroll of immolation {unknown}
 n - 3 scrolls of vulnerability
 t - a scroll of holy word {unknown}
 v - a scroll of fear {unknown}
 x - a scroll of identify
 A - a scroll of noise
Potions
 a - a potion of magic
 f - 5 potions of attraction
 h - a potion of curing
 j - 6 potions of flight
 p - a potion of haste
 s - a potion of mutation
 w - a potion of berserk rage {unknown}
 z - a potion of lignification {unknown}
 C - a potion of heal wounds {unknown}
Miscellaneous
 l - a tin of tremorstones (2/2)


   Skills:
 - Level 10.0 Dodging
 - Level 10.2 Stealth
 * Level 5.8 Spellcasting
 - Level 5.0 Hexes
 * Level 15.7 Summonings
 - Level 5.0 Air Magic
 + Level 3.4 Invocations


You had one spell level left.
You knew the following spells:

 Your Spells              Type           Power      Damage    Failure   Level
a - Summon Small Mammal   Summ           100%       N/A       0%          1
b - Call Imp              Summ           73%        N/A       0%          2
c - Call Canine Familiar  Summ           73%        N/A       1%          3
d - Summon Guardian Gole  Hex/Summ       57%        N/A       1%          3
e - Summon Lightning Spi  Summ/Air       57%        N/A       1%          4
f - Monstrous Menagerie   Summ           36%        N/A       10%         7

Your spell library contained the following spells:

 Spells                   Type           Power      Damage    Failure   Level
 Freeze                   Ice            28%        1d5       7%          1
 Sandblast                Erth           14%        2d6       7%          1
 Summon Ice Beast         Ice/Summ       48%        N/A       2%          4
 Summon Mana Viper        Hex/Summ       57%        N/A       2%          5
 Passwall                 Tmut/Erth      5%         N/A       11%         2
 Frozen Ramparts          Ice            14%        1d3       22%         3
 Stone Arrow              Conj/Erth      14%        3d7       22%         3
 Hailstorm                Conj/Ice       7%         3d4       56%         4


Dungeon Overview and Level Annotations

Branches:
Dungeon (11/15)            Temple (0/1) D:7            Lair (2/6) D:11
    Orc (0/2) D:10         Bailey (visited)         Gauntlet (1/1)
  Swamp: Lair:2-4    Shoals: Lair:2-4     Snake: Lair:2-4    Spider: Lair:2-4

Altars:
Cheibriados
Elyvilon
Gozag
Hepliaklqana
Makhleb
Sif Muna
Trog
Uskayaw
Xom
Yredelemnul
Zin

Shops:
D:1 *   D:2 [   D:7 (   D:8 :

Annotations:
D:4 exclusion: ogre, Dowan, Duvessa
D:5 3 runed translucent doors, exclusions: adder, necrophage, ufetubus and water moccasin, robertstho's ghost, novice DEEE
D:6 exclusion: kobold demonologist
D:11 Urug Gauntlet 11 transporters, 2 runed translucent doors


Innate Abilities, Weirdness & Mutations

Your life essence is reduced to manifest your ancestor. (-10% HP)
You have sharp claws.
You have razor-sharp teeth.
You have supernaturally acute eyesight. (SInv)
You cover ground quickly. (Speed+)
You are covered in thick fur. (AC +2)
Your paws help you pounce on unaware monsters.
You are incapable of wielding weapons or throwing items.
You cannot wear armour.
You gain extra lives every three experience levels.


Message History

The white imp completely misses you.
You feel yourself speed up.
The white imp hits your warg but does no damage.
The white imp gestures at you. The puff of frost hits you. You resist.
The white imp gestures at you. The puff of frost hits you. You resist.
You closely miss the white imp.
The white imp is lightly wounded.
You scratch the white imp but do no damage.
You bite the white imp.
The white imp is heavily wounded.
The white imp gestures at you. The puff of frost hits you. You resist.
* * * LOW HITPOINT WARNING * * *
The white imp hits your warg. The white imp freezes your warg.
You feel better.
Okay, then.
Aiming: Throw Flame
Press: ? - help, Shift-Dir - straight line, f/p - white imp
Aim: a white imp (heavily wounded, 68% to hit)
The puff of flame misses the ice devil.
The puff of flame hits the white imp!
The white imp is burned terribly!
You kill the white imp!
The white imp gestures at you. The puff of frost misses you.
The white imp hits your warg but does no damage.
Aiming: Throw Flame
Press: ? - help, Shift-Dir - straight line, f - ice devil
Aim: an ice devil (heavily wounded, 68% to hit)
The puff of flame hits the ice devil but does no damage.
The ice devil is heavily wounded.
The ice devil hits you! The ice devil freezes you! You resist.
* * * LOW HITPOINT WARNING * * *
The white imp barely misses your warg. The white imp gestures at you.
The puff of frost hits you. You resist.
* * * LOW HITPOINT WARNING * * *
You feel better. The white imp barely misses your warg. The ice devil hits you!
You die...

≈#≈≈≈#≈≈≈#≈≈≈#≈≈≈#≈≈≈#
...................≈#
######...#########.##
8#8..#.⌠.#.......#.≈##
.8..g#...#.####..#.≈≈#
8.8.8#####^..^.#.#.≈##
^©^8##©.©####©^#.#©##
8.8.8#.⌠.#...#5#4#..##
.8..x#...##$)#h#@#...##
..#.⌠.#©#.#^5.#.∩.≈##
###...#########...≈≈##
....⌠.#.........⌠.≈≈≈#
###...#########...≈≈##
#h#.⌠.#....hDD#.∩.≈##
##..##...#.####..#...##
#.##.#.⌠.#.#..##.#..##
.©#y##©.©#©.#©.#.#©##


You could see an ice devil, a raiju, 2 steam dragons, 2 white imps and a
friendly warg (summoned).

Vanquished Creatures
  2 killer bees (D:11)
  A hound (D:4)
  2 white imps
  An ufetubus (D:4)
  An orc (D:10)
  3 bats
  A giant cockroach (D:1)
  3 goblins
  2 hobgoblins
  A frilled lizard (D:2)
17 creatures vanquished.

Vanquished Creatures (collateral kills)
  A catoblepas (Lair:1)
  A hydra (Lair:1)
  4 two-headed ogres
  Pikel (D:8)
  A manticore (D:11)
  2 elephants (Lair:2)
  2 cane toads (Lair:1)
  A gargoyle (D:10)
  Maggie (D:7)
  A komodo dragon (Lair:1)
  Prince Ribbit (D:8)
  2 hornets (D:9)
  A troll (D:11)
  3 blink frogs (Lair:1)
  4 slime creatures (D:7)
  2 shadows
  A wyvern (D:10)
  7 yaks (D:11)
  A steam dragon (D:9)
  3 vampire mosquitoes (D:11)
  A basilisk (Lair:1)
  Menkaure (D:7)
  Edmund (D:3)
  An ice beast (D:8)
  5 water moccasins
  4 orc warriors
  A sky beast (D:3)
  A black bear (D:7)
  2 ogres
  4 wolves (Bailey)
  4 lemures (D:8)
  A phantom (D:7)
  A necrophage (D:6)
  4 bullfrogs
  8 gnoll sergeants (Bailey)
  3 scorpions
  10 wights (D:8)
  4 killer bees
  A crimson imp (D:8)
  5 howler monkeys (D:9)
  9 gnoll shamans
  5 hounds
  A jelly (D:5)
  11 orc priests
  Crazy Yiuf (D:7)
  Jessica (D:3)
  Ijyb (D:3)
  3 iguanas
  10 orc wizards
  31 gnolls
  7 adders
  2 shadow imps (D:7)
  3 white imps
  An ufetubus (D:3)
  4 dart slugs
  51 orcs
  7 endoplasms
  5 giant cockroaches
  10 goblins
  3 hobgoblins
  4 jackals (D:1)
  2 quokkas
  5 ball pythons
  2 bats (D:1)
  11 frilled lizards
  11 kobolds
  6 rats
309 creatures vanquished.

Vanquished Creatures (others)
  A boulder beetle (D:11)
  2 two-headed ogres (D:11)
  An elephant (Lair:2)
  A gargoyle (D:10)
  A troll (D:10)
  2 slime creatures (D:7)
  A centaur (D:11)
  2 gnoll sergeants
  A kobold brigand (D:10)
  3 gnolls (D:7)
  6 knights
  A fungus (Lair:2)
  11 plants
33 creatures vanquished.

Grand Total: 359 creatures vanquished

Notes
Turn   | Place    | Note
-------+----------+-------------------------------------------
     0 | D:1      | Ajdolov the Felid Summoner began the quest for the Orb.
     0 | D:1      | Reached XP level 1. HP: 7/7 MP: 4/4
    84 | D:1      | Found Ukupp's Assorted Antiques.
   178 | D:1      | Reached XP level 2. HP: 9/11 MP: 1/6
   191 | D:1      | Learned a level 2 spell: Call Imp
   748 | D:1      | Reached skill level 5 in Summonings
   756 | D:1      | Reached XP level 3. HP: 14/14 MP: 5/7
   786 | D:1      | Learned a level 3 spell: Call Canine Familiar
  1205 | D:2      | Identified the +7 dagger of Mutilation {freeze, Int+6}
  1470 | D:2      | Found a faded altar of an unknown god.
  1510 | D:2      | Reached XP level 4. HP: 14/18 MP: 2/8
  2089 | D:2      | Found Nuhamak's Antique Armour Emporium.
  2209 | D:3      | Found a white marble altar of Elyvilon.
  2325 | D:3      | Noticed Jessica
  2331 | D:3      | Killed Jessica
  2332 | D:3      | Reached skill level 6 in Summonings
  2354 | D:3      | Found a basalt altar of Yredelemnul.
  2478 | D:3      | Found a shimmering altar of Xom.
  2478 | D:3      | Noticed a sky beast
  2567 | D:3      | Noticed Ijyb
  2613 | D:3      | Killed Ijyb
  2614 | D:3      | Reached XP level 5. HP: 21/21 MP: 2/9
  2767 | D:3      | Found a shimmering altar of Xom.
  3211 | D:3      | Found a hazy altar of Hepliaklqana.
  3322 | D:3      | Became a worshipper of Hepliaklqana the Forgotten
  3525 | D:3      | Found a shimmering altar of Xom.
  3589 | D:3      | Found a shimmering altar of Xom.
  3605 | D:4      | Noticed an ogre
  3625 | D:4      | Noticed Edmund
  4009 | D:3      | Killed a sky beast
  4010 | D:3      | Gained mutation: You are covered in thick fur. (AC +2)
                  | [Felid growth]
  4010 | D:3      | Reached XP level 6. HP: 24/24 MP: 1/11
  4413 | D:3      | Killed Edmund
  4414 | D:3      | Reached skill level 7 in Summonings
  4623 | D:3      | Found a shimmering altar of Xom.
  5286 | D:4      | Reached XP level 7. HP: 22/27 MP: 3/13
  5467 | D:4      | Reached skill level 1 in Hexes
  5546 | D:4      | Reached skill level 1 in Air Magic
  5971 | D:4      | Noticed Duvessa
  5971 | D:4      | Noticed Dowan
  6158 | D:4      | Learned a level 3 spell: Summon Guardian Golem
  6163 | D:4      | Learned a level 4 spell: Summon Lightning Spire
  6164 | D:5      | Entered Level 5 of the Dungeon
  6565 | D:5      | Identified the +3 leather armour of Ygir {Harm Regen+
                  | Int+3}
  6614 | D:5      | Found a runed translucent gate.
  6615 | D:5      | Found a runed translucent gate.
  6616 | D:5      | Found a runed translucent gate.
  6618 | D:5      | Noticed robertstho's ghost (novice DEEE)
  6951 | D:5      | Found a bloodstained altar of Trog.
  7069 | D:5      | Reached * piety under Hepliaklqana
  7459 | D:5      | Reached skill level 8 in Summonings
  8109 | D:6      | Found a snail-covered altar of Cheibriados.
  8115 | D:6      | Noticed a kobold demonologist
  8350 | D:6      | Reached XP level 8. HP: 27/27 MP: 11/15
  8478 | D:6      | Reached ** piety under Hepliaklqana
  8479 | D:6      | Remembered your ancestor Djefatnebti as a knight
  8810 | D:6      | Reached skill level 5 in Hexes
  9078 | D:7      | Found Dapourch's Antique Weapon Emporium.
  9151 | D:7      | Noticed Maggie
  9153 | D:7      | Reached skill level 5 in Air Magic
  9279 | D:7      | Killed Maggie
  9280 | D:7      | Reached skill level 9 in Summonings
  9479 | D:7      | Noticed a slime creature
  9480 | D:7      | Noticed a slime creature
  9524 | D:7      | Killed a slime creature
  9525 | D:7      | Reached XP level 9. HP: 30/30 MP: 6/16
  9621 | D:7      | Noticed Menkaure
  9635 | D:7      | Killed Menkaure
  9636 | D:7      | Reached skill level 10 in Summonings
  9811 | D:7      | Found a glowing silver altar of Zin.
 10041 | D:7      | Reached skill level 11 in Summonings
 10100 | D:7      | Reached *** piety under Hepliaklqana
 10373 | D:7      | Found a staircase to the Ecumenical Temple.
 10479 | D:7      | Reached skill level 12 in Summonings
 10576 | D:7      | Found a runed translucent door.
 10577 | D:7      | Noticed Crazy Yiuf
 10597 | D:7      | Killed Crazy Yiuf
 11060 | D:8      | Noticed Pikel
 11116 | D:8      | Noticed Prince Ribbit
 11153 | D:8      | Killed Prince Ribbit
 11154 | D:8      | Reached XP level 10. HP: 23/33 MP: 11/17
 11160 | D:8      | Killed Pikel
 11161 | D:8      | Reached skill level 1 in Invocations
 11268 | D:8      | Found a burning altar of Makhleb.
 11292 | D:8      | Noticed a two-headed ogre
 11298 | D:8      | Killed a two-headed ogre
 11299 | D:8      | Reached skill level 5 in Dodging
 11299 | D:8      | Reached skill level 13 in Summonings
 11647 | D:8      | Found Pyobire's Book Emporium.
 12415 | D:9      | Noticed a two-headed ogre
 12423 | D:9      | Killed a two-headed ogre
 12921 | D:9      | Reached **** piety under Hepliaklqana
 13250 | D:10     | Entered Level 10 of the Dungeon
 13466 | D:10     | Noticed a gargoyle
 13483 | D:10     | Reached XP level 11. HP: 36/36 MP: 8/18
 13485 | D:10     | Reached skill level 5 in Stealth
 13626 | D:10     | Reached skill level 14 in Summonings
 13742 | D:10     | Noticed a two-headed ogre
 13756 | D:10     | Killed a two-headed ogre
 13890 | D:10     | Found a flagged portal.
 13896 | Bailey   | Entered a bailey
 14416 | D:8      | Bought a book of Beasts for 532 gold pieces
 14664 | D:10     | Found a staircase to the Orcish Mines.
 15311 | D:10     | Found a hide-covered altar of Uskayaw.
 15311 | D:10     | Found a shimmering blue altar of Sif Muna.
 15315 | D:10     | Found an opulent altar of Gozag.
 15461 | D:11     | Found a staircase to the Lair.
 15514 | D:11     | Noticed Urug
 15542 | D:11     | Killed themself with a badly aimed burst of rock shards
 15543 | D:11     | Reached XP level 10. HP: -14/33 MP: 1/17
 15558 | D:11     | Shot with an arrow by a centaur
 15559 | D:11     | Reached XP level 9. HP: -4/30 MP: 16/16
 15876 | D:11     | Noticed a troll
 15883 | D:11     | Killed a troll
 15983 | D:11     | Noticed a two-headed ogre
 16000 | D:11     | Killed a two-headed ogre
 16001 | D:11     | Reached XP level 10. HP: 33/33 MP: 7/17
 16076 | D:11     | Noticed a two-headed ogre
 16087 | D:11     | Killed a two-headed ogre
 16201 | D:11     | Noticed a boulder beetle
 16238 | D:11     | Killed a boulder beetle
 16461 | D:11     | Noticed a two-headed ogre
 16477 | D:11     | Killed a two-headed ogre
 16647 | D:11     | Noticed a manticore
 16660 | D:11     | Killed a manticore
 16669 | D:11     | Reached skill level 15 in Summonings
 16680 | D:11     | Reached skill level 10 in Stealth
 17026 | Lair:1   | Entered Level 1 of the Lair of Beasts
 17162 | Lair:1   | Reached XP level 11. HP: 23/36 MP: 11/18
 17320 | Lair:1   | Noticed a catoblepas
 17337 | Lair:1   | Killed a catoblepas
 17338 | Lair:1   | Reached skill level 10 in Dodging
 17944 | Lair:1   | Noticed a seven-headed hydra
 17954 | Lair:1   | Killed a seven-headed hydra
 17955 | Lair:1   | Reached skill level 5 in Spellcasting
 17963 | Lair:1   | Learned a level 7 spell: Monstrous Menagerie
 18730 | Lair:2   | Found a gate leading to a gauntlet.
 18774 | Gauntlet | Entered a Gauntlet
 18774 | Gauntlet | Found a transporter.
 18774 | Gauntlet | Found a transporter.
 18777 | Gauntlet | Found a transporter.
 18777 | Gauntlet | Found a transporter.
 18781 | Gauntlet | Found a transporter.
 18781 | Gauntlet | Found a transporter.
 18813 | Gauntlet | Found a transporter.
 18817 | Gauntlet | Found a transporter.
 18825 | Gauntlet | Found a transporter.
 18839 | Gauntlet | Found a runed translucent door.
 18841 | Gauntlet | Found a transporter.
 18841 | Gauntlet | Noticed an entropy weaver
 18843 | Gauntlet | Found a runed translucent door.
 18847 | Gauntlet | Noticed a wolf spider
 18855 | Gauntlet | Found a transporter.
 18859 | Gauntlet | Found a transporter.
 19210 | Gauntlet | Slain by an ice devil

Illustrated notes

Levels and vault maps discovered:
D:1:      minmay_arrival_stone_box, layout_rooms, serial_shops,
          nicolae_diamond_shop, amcnicky_mini_rare_corridor_liquid,
          minmay_lizard_king
D:2:      layout_rooms, basic_ecumenical_altar, serial_shops,
          nicolae_lakefront_shop
D:3:      layout_loops_ring, lemuel_coloured_pillars_altar, xom_redecorated,
          nzn_hepliaklqana_mist_gate, mainiacjoe_overflow_surrounded_room,
          minmay_misc_feat_pillars, uniq_jessica, uniq_ijyb
D:4:      layout_basic, uniq_duvessa, uniq_edmund
D:5:      layout_layer_cave, lemuel_doored_altar, gammafunk_ghost_necromancy
D:6:      layout_gridville, mainiacjoe_overflow_tiny_flanked,
          chequers_serial_rivers_room_b, nrook_mini_backslash, nrook_mini_vaults
D:7:      layout_basic, mainiacjoe_overflow_boulevard,
          minmay_temple_entry_nine_rooms, serial_shops, kennysheep_mini_moat,
          serial_glass, glass_columns_a, glass_columns_a, glass_columns_a,
          glass_columns_b, glass_columns_b, nrook_campfire, uniq_maggie,
          uniq_menkaure, uniq_crazy_yiuf_cottage
D:8:      layout_basic, makhleb_grotto_becter, serial_shops, shop,
          nicolae_straight_to_the_point, uniq_prince_ribbit1, uniq_pikel
D:9:      layout_cave_pools
D:10:     layout_long_grid, minitemple, hiddenorc2_lemuel, enter_bailey_3,
          palyth_stone_intersect
D:11:     layout_roguey, lair_entry_dummy, kennysheep_generic_room_13, uniq_urug
Lair:1:   layout_regular_city, st_stairs_8, infiniplex_staircase_pool
Lair:2:   layout_regular_city, guppyfry_snake_entry_island,
          gauntlet_entry_generic, serial_bayou_shore_b
Gauntlet: minmay_gauntlet_77_indecision [minmay_gauntlet_arena_77_hold_the_fort,
          minmay_gauntlet_arena_77_radiant_squares,
          minmay_gauntlet_arena_77_mess,
          minmay_gauntlet_arena_77_terracotta_army,
          minmay_gauntlet_arena_77_shame_cube, minmay_gauntlet_arena_77_fan,
          gauntlet_exit_green]

Skill      XL: |  1  2  3  4  5  6  7  8  9 10 11 |
---------------+----------------------------------+-----
Summonings     | 5 6 7 8 9 12 15 14 | 15.7
Spellcasting   | 3 4 5 |  5.8
Hexes          | 3 5 |  5.0
Air Magic      | 3 5 |  5.0
Dodging        | 9 7 10 | 10.0
Invocations    | 3 |  3.4
Stealth        | 8 10 7 | 10.2

Action                   |  1- 3 |  4- 6 |  7- 9 | 10-12 || total
-------------------------+-------+-------+-------+-------++-------
Melee: Unarmed           |    19 |    20 |    27 |    16 ||    82
       Punch             |     1 |       |       |       ||     1
       Bite              |     2 |     2 |     4 |     4 ||    12
 Cast: Summon Small Mamm |    21 |    23 |     4 |       ||    48
       Call Imp          |    26 |    44 |    26 |     4 ||   100
       Call Canine Famil |       |    21 |    36 |    40 ||    97
       Summon Guardian G |       |       |    11 |    26 ||    37
       Summon Lightning  |       |       |    13 |    30 ||    43
Invok: Recall Ancestor   |       |       |     2 |     6 ||     8
       Ancestor Life: Kn |       |       |     1 |       ||     1
       Transference      |       |       |     1 |     3 ||     4
       Idealise          |       |       |       |     1 ||     1
Evoke: Wand              |       |       |       |     4 ||     4
       Tin of tremorston |       |       |       |     1 ||     1
  Use: Scroll            |       |     1 |       |    13 ||    14
       Potion            |       |     2 |       |     6 ||     8
 Stab: Sleeping          |     2 |       |     1 |       ||     3
       Distracted        |       |       |     1 |       ||     1
Armor: Skin              |     3 |    11 |     5 |     1 ||    20
Dodge: Dodged            |    52 |    55 |    52 |    75 ||   234

Table legend: (Time is in decaauts)
 A = Elapsed time spent in this place.
 B = Non-inter-level travel time spent in this place.
 C = Inter-level travel time spent in this place.
 D = Time resting spent in this place.
 E = Time spent auto-exploring this place.
 F = Levels seen in this place.
 G = Mean time per level.
                   A        B        C        D        E       F      G
               +--------+--------+--------+--------+--------+-----+--------+
         Total |  17191 |  16540 |    651 |   3629 |   8580 |  15 | 1146.1 |
       Dungeon |  14787 |  14181 |    606 |   2986 |   7631 |  11 | 1344.3 |
          Lair |   1598 |   1553 |     45 |    478 |    879 |   2 |  799.0 |
        Bailey |    428 |    428 |      0 |     65 |     70 |   1 |  428.0 |
      Gauntlet |    376 |    376 |      0 |    100 |      0 |   1 |  376.0 |
               +--------+--------+--------+--------+--------+-----+--------+

Top non-repeatable levels by time:
     D:3: 2641 daAuts
     D:7: 1612 daAuts
     D:8: 1590 daAuts
  Lair:1: 1525 daAuts
    D:11: 1443 daAuts
    D:10: 1305 daAuts
     D:5: 1287 daAuts
     D:4: 1178 daAuts
     D:2: 1003 daAuts
     D:1: 952 daAuts
     D:6: 905 daAuts
     D:9: 868 daAuts
  Bailey: 428 daAuts
Gauntlet: 376 daAuts
  Lair:2: 73 daAuts
